 Dungeon Sprint DCSS version 0.21.0-3-g78d12a8 (webtiles) character file.

103474 wojtek the Axe Maniac (level 14, -8/226 HPs)
             Began as a Minotaur Berserker on Jan 15, 2018.
             Was a High Priest of Trog.
             Shot with a bolt by a yaktaur (24 damage)
             ... in the Dungeon (Sprint III: "The Ten Rune Challenge").
             The game lasted 00:24:26 (8775 turns).

wojtek the Axe Maniac (Minotaur Berserker)          Turns: 8775, Time: 00:24:27

Health: -8/226     AC: 22    Str: 31    XL:     14   Next: 49%
Magic:  13/13      EV: 17    Int:  8    God:    Trog [*****.]
Gold:   353        SH:  0    Dex:  9    Spells: 13/13 levels left

rFire    + + .     SeeInvis +   b - +10 battleaxe "Epoaxkof" {venom, rF+ SInv}
rCold    . . .     Gourm    .   (shield currently unavailable)
rNeg     . . .     Faith    .   R - +0 plate armour
rPois    .         Spirit   .   K - +0 mask of the Dragon {MR+ Slay+3 SInv}
rElec    +         Reflect  .   (no cloak)
rCorr    .         Harm     .   (no gloves)
MR       ++...     NoTele   +   J - +1 pair of boots "Suprerph" {rElec rF+ Int+4 Dex-2}
Stlth    ..........             (no amulet)
HPRegen  0.47/turn              (no ring)
MPRegen  0.13/turn              (no ring)

@: berserking, very quick
A: retaliatory headbutt, horns 2
}: 3/10 runes: serpentine, barnacled, demonic
a: Berserk, Trog's Hand, Brothers in Arms, Burn Spellbooks, Renounce Religion


You were in the Dungeon.
You worshipped Trog.
Trog was extremely pleased with you.
You were not hungry.

You visited 1 branch You collected 2487 gold pieces.
You spent 2134 gold pieces at shops.

Inventory:

Hand Weapons
 a - the +2 battleaxe of Recklessness {drain, rC+}
   (Trog gifted it to you in the Dungeon)

   A truly terrible weapon, it drains the life of those it strikes.
   It protects you from cold.
 b - the +10 battleaxe "Epoaxkof" (weapon) {venom, rF+ SInv}
   (Trog gifted it to you in the Dungeon)

   It poisons the flesh of those it strikes.
   It protects you from fire.
   It lets you see invisible.
 r - a +2 hand axe of freezing
 u - a +1 battleaxe of freezing
 v - a +3 war axe of venom
 w - a +3 battleaxe of flaming
 x - a +2 broad axe of flaming
 y - a +4 antimagic broad axe
 z - a +0 broad axe of freezing
 A - a +3 executioner's axe of chopping
 C - a +4 antimagic battleaxe
 D - a +2 battleaxe of freezing
 L - a +3 executioner's axe of chopping
 N - a +0 battleaxe of flaming
Armour
 J - the +1 pair of boots "Suprerph" (worn) {rElec rF+ Int+4 Dex-2}
   (You bought it in a shop in the Dungeon)

   It affects your intelligence (+4).
   It affects your dexterity (-2).
   It protects you from fire.
   It insulates you from electricity.
 K - the +0 mask of the Dragon (worn) {MR+ Slay+3 SInv}
   (You bought it in a shop in the Dungeon)

   It affects your accuracy and damage with ranged weapons and melee attacks
   (+3).
   It affects your resistance to hostile enchantments.
   It lets you see invisible.
 R - a +0 plate armour (worn)
Wands
 s - a wand of clouds (7)
 B - a wand of digging (9)
 E - a wand of scattershot (5)
Scrolls
 i - a scroll of blinking
 j - a scroll of torment {unknown}
 k - 2 scrolls of identify
 l - 5 scrolls of remove curse
 n - 4 scrolls of immolation {unknown}
 M - a scroll of magic mapping {unknown}
 O - a scroll of fear {unknown}
 P - a scroll of fog {unknown}
Potions
 d - 5 potions of curing
 e - a potion of heal wounds
 f - a potion of haste
 g - 2 potions of magic
 h - 2 potions of berserk rage
 m - a potion of resistance {unknown}
 o - 2 potions of lignification {unknown}
 p - a potion of flight
 q - 5 potions of mutation
 G - 3 potions of brilliance {unknown}
 H - a potion of agility {unknown}
 I - a potion of degeneration {unknown}
Books
 S - a book of the Earth

   Spells                             Type                      Level
   a - Leda's Liquefaction            Hexes/Earth                  4
   b - Bolt of Magma                  Conjuration/Fire/Earth       5
   c - Statue Form                    Transmutation/Earth          6
   d - Iron Shot                      Conjuration/Earth            6
   e - Shatter                        Earth                        9
   Trog disapproves of the use of such an item.
Miscellaneous
 t - a sack of spiders
 F - a phantom mirror
 Q - a box of beasts
Comestibles
 c - 15 rations


   Skills:
 + Level 21.1 Fighting
 O Level 27 Axes
 + Level 21.0 Armour
 + Level 19.6 Dodging


You had 13 spell levels left.
You didn't know any spells.

Dungeon Overview and Level Annotations

Branches:
Dungeon (1/1)

Altars:
Cheibriados
Dithmenos
Elyvilon
Fedhas
Gozag
Hepliaklqana
Kikubaaqudgha
Makhleb
Nemelex Xobeh
Okawaru
Qazlal
Ru
Sif Muna
Trog
Uskayaw
Vehumet
Wu Jian
Xom
Yredelemnul
Zin
The Shining One
Beogh
Jiyva
Lugonu

Shops:
D [}!}?([!!%%

Annotations:
D exclusion: 4 statues, Geryon


Innate Abilities, Weirdness & Mutations

You reflexively headbutt those who attack you in melee.
You have a pair of horns on your head.


Message History

The yaktaur captain hits you but does no damage.
You are too berserk!
You slice the yaktaur captain!!
The yaktaur captain looks as sick as possible!
The yaktaur captain is severely wounded.
You slash the yaktaur!
The yaktaur is poisoned.
You slash the stone giant!
You kill the stone giant!
Trog accepts your kill.
Trog will gift you weapons as you gain piety.
Something appears at your feet! Trog grants you ammunition!
Your Armour skill increases to level 21!
Your ogre hits the yaktaur with a giant club!
Geryon tail-slaps you from afar.
* * * LOW HITPOINT WARNING * * *
You slash the yaktaur!
The yaktaur looks as sick as possible!
The yaktaur is severely wounded.
You slash the yaktaur!
The yaktaur looks as sick as possible!
You slice the yaktaur captain!!
The yaktaur shoots a bolt.
The bolt hits you!!
You die...

..... ≈.... 8≈... ####++
#.['..
##########+#############
.....cc..(........#...#
.....cc...........#...##
....c&c@((((......'...(.
....2ccO..(.......#...##
.....2c...........#...#
###########+###########


You could see Geryon, 2 hell beasts, a yaktaur captain, 8 yaktaurs and a
friendly ogre (berserk).

Vanquished Creatures
  Mennas (D)
  Boris (D)
  Nellie (D)
  A kraken (D)
  Dowan (D)
  A nagaraja (D)
  4 azure jellies (D)
  2 stone giants (D)
  Josephine (D)
  A naga warrior (D)
  2 hell beasts (D)
  5 anacondas (D)
  An alligator snapping turtle (D)
  A centaur warrior (D)
  A titan zombie (D)
  4 death yaks (D)
  Urug (D)
  2 sun demons (D)
  2 soul eaters (D)
  A spriggan druid (D)
  2 anaconda zombies (D)
  An unseen horror (D)
  An orange crystal statue (D)
  A deep elf mage (D)
  A lindwurm (D)
  2 oklob plants (D)
  2 crystal guardians (D)
  A stone giant skeleton (D)
  9 black mambas (D)
  2 statues (D)
  Duvessa (D)
  2 spiny frogs (D)
  A rime drake (D)
  A komodo dragon (D)
  2 ice devils (D)
  An anaconda simulacrum (D)
  3 wandering mushrooms (D)
  2 tyrant leeches (D)
  8 blink frogs (D)
  A queen bee (D)
  2 orc high priests (D)
  5 snapping turtles (D)
  A shadow (D)
  3 redbacks (D)
  A spatial vortex (D)
  2 nagas (D)
  3 hydra simulacra (D)
  5 water moccasins (D)
  A swamp drake (D)
  A necrophage (D)
  A black mamba simulacrum (D)
  2 centaurs (D)
  An earth elemental (D)
  A water elemental (D)
  32 killer bees (D)
  An orc priest (D)
  A jelly (D)
  A wizard (D)
  An orc wizard (D)
  A necromancer (D)
  A polar bear simulacrum (D)
  3 humans (D)
  A kobold demonologist (D)
  A wolf (D)
  2 adders (D)
  An ooze (D)
  A kobold (D)
  3 rats (D)
  A fungus (D)
  4 plants (D)
  2 tentacles (D)
164 creatures vanquished.

Vanquished Creatures (collateral kills)
  Rupert (D)
  Gastronok (D)
  Roxanne (D)
  2 dire elephants (D)
  2 hydras (D)
  A death drake (D)
  2 crystal guardians (D)
  A guardian serpent (D)
  2 elephants (D)
  2 statues (D)
  2 spriggans (D)
  A black mamba simulacrum (D)
  An electric eel (D)
  4 orc priests (D)
  3 orc wizards (D)
  10 orcs (D)
  2 plants (D)
38 creatures vanquished.

Vanquished Creatures (others)
  2 draconian scorchers (D)
  6 hellions (D)
  2 yaktaurs (D)
  9 plants (D)
  7 tentacles (D)
26 creatures vanquished.

Grand Total: 228 creatures vanquished

Notes
Turn   | Place    | Note
-------+----------+-------------------------------------------
     0 | D        | wojtek the Minotaur Berserker began the quest for the Orb.
     0 | D        | Reached XP level 1. HP: 19/19 MP: 0/0
     7 | D        | Reached skill level 4 in Axes
    18 | D        | Reached ** piety under Trog
    86 | D        | Noticed a wolf
    93 | D        | Killed a wolf
    93 | D        | Reached skill level 5 in Axes
    93 | D        | Reached XP level 2. HP: 19/28 MP: 1/1
   105 | D        | Killed a hellion
   142 | D        | Killed a hellion
   150 | D        | Killed a hellion
   153 | D        | Killed a hellion
   182 | D        | Killed a hellion
   208 | D        | Killed a hellion
   212 | D        | Killed a white draconian scorcher
   227 | D        | Reached skill level 5 in Fighting
   227 | D        | Reached skill level 6 in Axes
   227 | D        | Reached XP level 3. HP: 10/36 MP: 2/2
   244 | D        | Killed a white draconian scorcher
   340 | D        | Killed a yaktaur
   453 | D        | Noticed a water elemental
   459 | D        | Killed a water elemental
   459 | D        | Reached *** piety under Trog
   459 | D        | Reached skill level 7 in Axes
   459 | D        | Reached skill level 5 in Armour
   459 | D        | Reached XP level 4. HP: 44/44 MP: 3/3
   505 | D        | Found a radiant altar of Vehumet.
   505 | D        | Found a deep blue altar of Sif Muna.
   505 | D        | Found an ancient bone altar of Kikubaaqudgha.
   505 | D        | Noticed a wizard
   507 | D        | Killed a wizard
   507 | D        | Reached skill level 8 in Axes
   507 | D        | Reached skill level 5 in Dodging
   510 | D        | Reached XP level 5. HP: 51/51 MP: 4/4
   554 | D        | Found a glowing silver altar of Zin.
   555 | D        | Found a glowing golden altar of the Shining One.
   555 | D        | Found a white marble altar of Elyvilon.
   555 | D        | Noticed a deep elf mage
   564 | D        | Reached **** piety under Trog
   567 | D        | Killed a deep elf mage
   567 | D        | Reached skill level 11 in Axes
   567 | D        | Reached XP level 6. HP: 60/63 MP: 5/5
   567 | D        | Reached XP level 7. HP: 67/70 MP: 6/6
   582 | D        | Found a hide-covered altar of Uskayaw.
   582 | D        | Found a roughly hewn altar of Beogh.
   582 | D        | Found an iron altar of Okawaru.
   582 | D        | Found a bloodstained altar of Trog.
   582 | D        | Found an ornate altar of the Wu Jian Council.
   582 | D        | Noticed a human
   582 | D        | Noticed a human
   593 | D        | Killed a human
   593 | D        | Reached ***** piety under Trog
   593 | D        | Reached skill level 12 in Axes
   595 | D        | Killed a human
   760 | D        | Found a basalt altar of Yredelemnul.
   760 | D        | Found a shadowy altar of Dithmenos.
   760 | D        | Found a sacrificial altar of Ru.
   767 | D        | Reached skill level 10 in Fighting
   767 | D        | Reached skill level 13 in Axes
   817 | D        | Noticed a shadow
   822 | D        | Killed a shadow
   822 | D        | Reached XP level 8. HP: 79/79 MP: 7/7
   866 | D        | Found a blossoming altar of Fedhas.
   866 | D        | Found a stormy altar of Qazlal.
   867 | D        | Found a snail-covered altar of Cheibriados.
   867 | D        | Found a burning altar of Makhleb.
   867 | D        | Found a hazy altar of Hepliaklqana.
   867 | D        | Found a shimmering altar of Xom.
   867 | D        | Found an opulent altar of Gozag.
   867 | D        | Found a sparkling altar of Nemelex Xobeh.
   867 | D        | Found a corrupted altar of Lugonu.
   867 | D        | Found a viscous altar of Jiyva.
   876 | D        | Reached skill level 10 in Armour
   912 | D        | Noticed Josephine
   924 | D        | Killed Josephine
   924 | D        | Reached skill level 15 in Axes
   924 | D        | Reached skill level 10 in Dodging
   924 | D        | Reached XP level 9. HP: 70/89 MP: 8/8
  1086 | D        | Reached ****** piety under Trog
  1267 | D        | Received a gift from Trog
  1279 | D        | Received a gift from Trog
  1283 | D        | Received a gift from Trog
  1293 | D        | Found Vaoritti's Antique Armour Boutique.
  1479 | D        | Noticed a centaur warrior
  1484 | D        | Killed a centaur warrior
  1484 | D        | Received a gift from Trog
  1484 | D        | Reached skill level 16 in Axes
  1490 | D        | Got a crude battleaxe {god gift}
  1491 | D        | Identified the +2 battleaxe of Recklessness {drain, rC+} (Trog gifted it to you in the Dungeon)
  1600 | D        | Killed an unseen horror
  1620 | D        | Noticed a queen bee
  1652 | D        | Killed a queen bee
  1662 | D        | Received a gift from Trog
  1663 | D        | Reached XP level 10. HP: 79/100 MP: 9/9
  1671 | D        | Reached skill level 17 in Axes
  1776 | D        | Received a gift from Trog
  2024 | D        | Received a gift from Trog
  2137 | D        | Received a gift from Trog
  2393 | D        | Noticed a spiny frog
  2393 | D        | Noticed a spiny frog
  2400 | D        | Reached skill level 18 in Axes
  2404 | D        | Killed a spiny frog
  2404 | D        | Received a gift from Trog
  2406 | D        | Killed a spiny frog
  2867 | D        | Received a gift from Trog
  2876 | D        | Reached XP level 11. HP: 29/111 MP: 10/10
  3178 | D        | Noticed Rupert
  3185 | D        | Killed Rupert
  3185 | D        | Reached skill level 19 in Axes
  3252 | D        | Noticed a dire elephant
  3257 | D        | Noticed a dire elephant
  3258 | D        | Noticed Gastronok
  3260 | D        | Killed a dire elephant
  3260 | D        | Received a gift from Trog
  3263 | D        | Killed a dire elephant
  3263 | D        | Reached skill level 15 in Fighting
  3267 | D        | Killed Gastronok
  3267 | D        | Reached skill level 20 in Axes
  3267 | D        | Reached skill level 15 in Armour
  3312 | D        | Noticed a death yak
  3325 | D        | Killed a death yak
  3327 | D        | Noticed a death yak
  3328 | D        | Noticed a death yak
  3338 | D        | Killed a death yak
  3341 | D        | Noticed a death yak
  3354 | D        | Killed a death yak
  3357 | D        | Killed a death yak
  3575 | D        | Received a gift from Trog
  3575 | D        | Reached skill level 21 in Axes
  3583 | D        | Noticed an azure jelly
  3583 | D        | Noticed an azure jelly
  3636 | D        | Noticed a kraken
  3652 | D        | Killed a kraken
  3652 | D        | Reached XP level 12. HP: 90/122 MP: 11/11
  3899 | D        | Reached skill level 15 in Dodging
  4027 | D        | Noticed an alligator snapping turtle
  4072 | D        | Killed an alligator snapping turtle
  4194 | D        | Found Xesifer's Antique Armour Shoppe.
  4194 | D        | Found Ropt's Gadget Boutique.
  4194 | D        | Found Hemet's Distillery.
  4203 | D        | Bought a pair of jewelled boots for 190 gold pieces
  4203 | D        | Bought the +0 mask of the Dragon {MR+ Slay+3 SInv} for 668 gold pieces
  4203 | D        | Found the +0 mask of the Dragon {MR+ Slay+3 SInv}
  4208 | D        | Identified the +1 pair of boots "Suprerph" {rElec rF+ Int+4 Dex-2} (You bought it in a shop in the Dungeon)
  4220 | D        | Got a barnacled rune of Zot
  4265 | D        | Noticed an azure jelly
  4265 | D        | Noticed an azure jelly
  4277 | D        | Killed an azure jelly
  4281 | D        | Killed an azure jelly
  4281 | D        | Received a gift from Trog
  4281 | D        | Reached skill level 22 in Axes
  4283 | D        | Killed an azure jelly
  4285 | D        | Killed an azure jelly
  4646 | D        | Received a gift from Trog
  4646 | D        | Reached skill level 23 in Axes
  4647 | D        | Got an ichor-stained battleaxe {god gift}
  4649 | D        | Noticed Urug
  4655 | D        | Killed Urug
  4780 | D        | Identified the +10 battleaxe "Epoaxkof" {venom, rF+ SInv} (Trog gifted it to you in the Dungeon)
  4806 | D        | Noticed an eight-headed hydra
  4806 | D        | Noticed a four-headed hydra
  4809 | D        | Killed a four-headed hydra
  4810 | D        | Killed an eight-headed hydra
  4821 | D        | Noticed an anaconda
  4821 | D        | Noticed an anaconda
  4826 | D        | Killed an anaconda
  4832 | D        | Killed an anaconda
  4832 | D        | Reached XP level 13. HP: 79/134 MP: 9/12
  5074 | D        | Received a gift from Trog
  5392 | D        | Received a gift from Trog
  5392 | D        | Reached skill level 24 in Axes
  5442 | D        | Noticed a nagaraja
  5457 | D        | Killed a nagaraja
  5461 | D        | Received a gift from Trog
  5467 | D        | Found Otyreth's Gadget Shop.
  5467 | D        | Found Noiryaxu's Magic Scroll Shoppe.
  5469 | D        | Found Megoaqid's Antique Weapon Boutique.
  5479 | D        | Received a gift from Trog
  5484 | D        | Got a serpentine rune of Zot
  5505 | D        | Bought a wand of digging (10) for 392 gold pieces
  5639 | D        | Noticed Nellie
  5652 | D        | Killed Nellie
  6032 | D        | Got a demonic rune of Zot
  6097 | D        | Found a blossoming altar of Fedhas.
  6552 | D        | Bought a pair of glowing boots for 217 gold pieces
  6573 | D        | Bought a plate armour for 667 gold pieces
  6833 | D        | Noticed Dowan
  6833 | D        | Noticed Duvessa
  6843 | D        | Killed Dowan
  6843 | D        | Reached skill level 25 in Axes
  6844 | D        | Killed Duvessa
  6844 | D        | Received a gift from Trog
  7376 | D        | Received a gift from Trog
  7652 | D        | Noticed Boris
  7659 | D        | Killed Boris
  7659 | D        | Received a gift from Trog
  7663 | D        | Reached skill level 26 in Axes
  7665 | D        | Reached XP level 14. HP: 141/147 MP: 13/13
  7789 | D        | Noticed Mennas
  7821 | D        | Killed Mennas
  8431 | D        | Found Hotid's Distillery.
  8431 | D        | Found Socwagh's Food Shop.
  8431 | D        | Found Ifra's Distillery.
  8431 | D        | Found Wukeusou's Food Shoppe.
  8618 | D        | Noticed Roxanne
  8629 | D        | Killed Roxanne
  8669 | D        | Reached skill level 27 in Axes
  8674 | D        | Received a gift from Trog
  8762 | D        | Noticed a stone giant
  8762 | D        | Noticed a stone giant
  8764 | D        | Noticed Geryon
  8773 | D        | Killed a stone giant
  8774 | D        | Killed a stone giant
  8774 | D        | Received a gift from Trog
  8775 | D        | Shot with a bolt by a yaktaur

Skill      XL: |  1  2  3  4  5  6  7  8  9 10 11 12 13 14 |
---------------+-------------------------------------------+-----
Fighting       | 4 5 6 9 10 11 12 14 16 17 19 21 | 21.1
Axes           | 5 6 7 8 11 13 15 16 18 21 23 26 27 | 27.0
Armour         | 3 4 5 8 9 11 12 14 16 17 19 21 | 21.0
Dodging        | 3 4 5 7 9 10 11 13 14 16 18 19 | 19.6

Action                   |  1- 3 |  4- 6 |  7- 9 | 10-12 | 13-15 || total
-------------------------+-------+-------+-------+-------+-------++-------
Melee: Hand axe          |    35 |     6 |    54 |       |       ||    95
       Headbutt          |       |     1 |    17 |    69 |    35 ||   122
       Battleaxe         |       |       |    21 |   193 |   146 ||   360
       Executioner's axe |       |       |       |    52 |       ||    52
Invok: Berserk           |     2 |     1 |     5 |     5 |     4 ||    17
       Burn Spellbooks   |       |     1 |       |       |       ||     1
       Brothers in Arms  |       |       |     3 |     6 |    14 ||    23
Evoke: Wand              |       |       |       |       |     1 ||     1
  Use: Potion            |       |       |       |       |     1 ||     1
 Stab: Sleeping          |     1 |       |       |       |       ||     1
  Eat: Chunk             |       |     2 |     5 |     6 |     5 ||    18
       Ration            |       |       |     1 |     3 |     5 ||     9
Armor: Animal skin       |     2 |       |     2 |       |       ||     4
       Scale mail        |       |       |    13 |    57 |     7 ||    77
       Plate armour      |       |       |       |       |    41 ||    41
Dodge: Dodged            |    29 |     1 |    22 |   186 |    86 ||   324
